 Dungeon Crawl Stone Soup version 0.25.1-11-g244df3a29b (webtiles) character file.

Game seed: 12528001355097525180

680665 DeepDeath the Slayer (level 27, 0/215 HPs)
             Began as a Gargoyle Abyssal Knight on Jan 17, 2024.
             Was the Champion of Lugonu.
             Killed from afar by Vada the pandemonium lord (54 damage)
             ... with an iron shot
             ... on level 9 of a ziggurat on Jan 19, 2024.
             The game lasted 07:15:22 (88027 turns).

DeepDeath the Slayer (Gargoyle Abyssal Knight)     Turns: 88027, Time: 07:15:23

Health: 0/215      AC: 62    Str: 23    XL:     27
Magic:  32/32      EV: 10    Int: 25    God:    Lugonu [******]
Gold:   2751       SH: 37    Dex: 12    Spells: 26/30 levels left

rFire    + + .     SeeInvis .   d - +9 sacred scourge (holy)
rCold    + + .     Gourm    .   p - +7 tower shield of the Unseen Realm {rCorr}
rNeg     + + .     Faith    .   J - +8 gold dragon scales
rPois    ∞         Spirit   .   V - +0 helmet of Awe {Int+7}
rElec    +         Reflect  +   C - +2 cloak
rCorr    +         Harm     .   l - +3 pair of gauntlets of War {Slay+5}
MR       ++++.                  O - +0 pair of boots of Ibbaz {*Drain +Fly Dex+4}
Stlth    ..........             n - amulet of reflection
HPRegen  0.45/turn              Y - ring "Hetam" {rF+ MR++ Int+2 Dex-4}
MPRegen  0.23/turn              e - ring "Zungufip" {Wiz rC+ rN+}

@: liquid flames, silence (expiring), hasted, glowing, very quick
A: big wings, camouflage 1, negative energy resistance 1, robust 1, electricity
resistance, unbreathing, petrification resistance, rot immunity, AC +20
}: 3/15 runes: barnacled, silver, gossamer
a: Fly, Renounce Religion, Evoke Flight


You were on level 9 of a ziggurat.
You worshipped Lugonu.
Lugonu was exalted by your worship.
You were full.

You visited 10 branches of the dungeon, and saw 52 of its levels.
You visited the Abyss 1 time.
You visited 1 ziggurat, and saw 9 of its levels.
You also visited: Sewer, Gauntlet, Ice Cave and Volcano.

You collected 12799 gold pieces.
You spent 10048 gold pieces at shops.

Inventory:

Hand Weapons
 d - a +9 sacred scourge of holy wrath (weapon)
 q - the +9 fustibalus "Nuon Qim" {flame, rF+}
   (You found it in a Gauntlet)

   It causes projectiles fired from it to burn those they strike, causing extra
   injury to most foes and up to half again as much damage against particularly
   susceptible opponents.
   It protects you from fire.
 s - a +4 war axe of flaming
 v - a +9 vampiric broad axe
 w - the +11 war axe of Akhy {vorpal, rF+ Stlth+}
   (You bought it in a shop on level 4 of the Vaults)

   It inflicts extra damage upon your enemies.
   It protects you from fire.
   It makes you more stealthy.
 K - the +6 mace of Blind Justice {drain, MR+ Str+5 Int-5}
   (You found it on level 2 of a ziggurat)

   A truly terrible weapon, it drains the life of those it strikes.
   It affects your strength (+5).
   It affects your intelligence (-5).
   It affects your resistance to hostile enchantments.
Missiles
 x - 196 sling bullets
 S - 41 silver javelins (quivered)
 T - 4 throwing nets
 Z - 15 curare-tipped darts
Armour
 l - the +3 pair of gauntlets of War (worn) {Slay+5}
   (You found it on level 3 of the Elven Halls)

   It affects your accuracy and damage with ranged weapons and melee attacks
   (+5).
 p - the +7 tower shield of the Unseen Realm (worn) {rCorr}
   (You took it off a tengu reaver on level 5 of the Vaults)

   It provides partial protection from all sources of acid and corrosion.
 C - a +2 cloak (worn)
 J - +8 gold dragon scales (worn)
 O - the +0 pair of boots of Ibbaz (worn) {*Drain +Fly Dex+4}
   (You bought it in a shop on level 1 of the Vaults)

   It affects your dexterity (+4).
   It lets you fly.
   It causes draining when unequipped.
 V - the +0 helmet of Awe (worn) {Int+7}
   (You bought it in a shop on level 2 of the Orcish Mines)

   It affects your intelligence (+7).
Jewellery
 e - the ring "Zungufip" (right hand) {Wiz rC+ rN+}
   (You bought it in a shop on level 2 of the Elven Halls)

   [ring of wizardry]

   It improves your spell success rate.
   It protects you from cold.
   It protects you from negative energy.
 g - the ring "Osasan Ruri" {rPois EV+4 SInv}
   (You acquired it on level 13 of the Dungeon)

   [ring of evasion]

   It affects your evasion (+4).
   It protects you from poison.
   It lets you see invisible.
 j - the ring of Tipafoym {rC+ MR+ Int+4 Dex+6}
   (You found it on level 3 of the Crypt)

   [ring of dexterity]

   It affects your intelligence (+4).
   It affects your dexterity (+6).
   It protects you from cold.
   It affects your resistance to hostile enchantments.
 n - an amulet of reflection (around neck)
 z - the ring "Jiommob" {rF+ Str+8}
   (You bought it in a shop on level 1 of the Depths)

   [ring of protection from fire]

   It affects your strength (+8).
   It protects you from fire.
 N - the ring of Hown {+Fly rPois rC++ Str-2}
   (You found it on level 4 of a ziggurat)

   [ring of flight]

   It affects your strength (-2).
   It greatly protects you from cold.
   It protects you from poison.
   It lets you fly.
 Y - the ring "Hetam" (left hand) {rF+ MR++ Int+2 Dex-4}
   (You found it on level 5 of the Vaults)

   [ring of protection from fire]

   It affects your intelligence (+2).
   It affects your dexterity (-4).
   It protects you from fire.
   It affects your resistance to hostile enchantments.
Wands
 m - a wand of clouds (33)
 D - a wand of digging (7)
 F - a wand of paralysis (35)
 M - a wand of acid (31)
 U - a wand of iceblast (53)
Scrolls
 i - 2 scrolls of silence
 k - 23 scrolls of remove curse
 o - 10 scrolls of fog
 r - 13 scrolls of teleportation
 t - 3 scrolls of magic mapping
 y - 9 scrolls of blinking
 A - 4 scrolls of fear
 I - 12 scrolls of identify
 R - a scroll of enchant weapon
Potions
 a - 4 potions of resistance
 b - 6 potions of heal wounds
 c - 22 potions of curing
 h - 10 potions of mutation
 u - 5 potions of haste
 B - a potion of invisibility
 L - 7 potions of stabbing
 P - 3 potions of cancellation
 Q - 6 potions of ambrosia
Miscellaneous
 G - 6 phantom mirrors
 H - 3 boxes of beasts
 W - a lightning rod (4/4)
 X - a phial of floods
Comestibles
 f - 46 rations


   Skills:
 + Level 26.4 Fighting
 - Level 16.3(18.0) Axes
 - Level 14.2(17.7) Maces & Flails
 - Level 13.7(15.7) Slings
 + Level 13.1(15.4) Throwing
 * Level 16.9 Armour
 - Level 12.0 Dodging
 - Level 5.0 Stealth
 - Level 25.0 Shields
 - Level 2.0 Spellcasting
 - Level 3.0 Conjurations
 - Level 2.0 Translocations
 - Level 3.0 Earth Magic
 - Level 12.0 Invocations
 - Level 7.0 Evocations


You had 26 spell levels left.
You knew the following spells:

 Your Spells              Type           Power        Failure   Level  Hunger
a - Apportation           Tloc           ##....       45%         1    None
s - Stone Arrow           Conj/Erth      ###...       67%         3    ###....

Your spell library contained the following spells:

 Spells                   Type           Power        Failure   Level  Hunger
 Magic Dart               Conj           ###.         32%         1    None
 Searing Ray              Conj           ###...       45%         2    ##.....
 Foxfire                  Conj/Fire      ##..         52%         1    None
 Blink                    Tloc           N/A          58%         2    ##.....
 Animate Skeleton         Necr           N/A          71%         1    None
 Beastly Appendage        Tmut           #.....       71%         1    None
 Corona                   Hex            #......      71%         1    None
 Freeze                   Ice            #...         71%         1    None
 Pain                     Necr           #...         71%         1    None
 Summon Butterflies       Summ           #.......     71%         1    None
 Summon Small Mammal      Summ           #...         71%         1    None
 Shroud of Golubria       Chrm/Tloc      #.....       71%         2    ##.....
 Gell's Gravitas          Tloc           ##........   80%         3    ###....
 Lesser Beckoning         Tloc           ##........   80%         3    ###....
 Call Imp                 Summ           #.......     85%         2    ##.....
 Corpse Rot               Necr/Air       N/A          85%         2    ##.....
 Poisonous Vapours        Pois/Air       #.....       85%         2    ##.....
 Slow                     Hex            #.......     85%         2    ##.....
 Swiftness                Chrm/Air       #.......     85%         2    ##.....
 Conjure Flame            Conj/Fire      ##......     86%         3    ###....
 Dazzling Flash           Conj/Hex       ##....       86%         3    ###....
 Static Discharge         Conj/Air       ##......     86%         3    ###....
 Mephitic Cloud           Conj/Pois/Air  #.......     90%         3    ###....
 Portal Projectile        Hex/Tloc       #.....       90%         3    ###....
 Call Canine Familiar     Summ           #.......     96%         3    ###....
 Confusing Touch          Hex            #.......     96%         3    ###....
 Ignite Poison            Fire/Tmut/Pois #.......     96%         3    ###....
 Inner Flame              Hex/Fire       #.......     96%         3    ###....
 Summon Guardian Golem    Hex/Summ       #.......     96%         3    ###....
 Tukima's Dance           Hex            #.......     96%         3    ###....
 Vampiric Draining        Necr           #.........   96%         3    ###....
 Iskenderun's Mystic Bla  Conj/Tloc      ###.....     98%         4    ####...
 Fulminant Prism          Conj/Hex       ##........   99%         4    ####...
 Leda's Liquefaction      Hex/Erth       ##........   99%         4    ####...
 Passage of Golubria      Tloc           N/A          99%         4    ####...
 Petrify                  Tmut/Erth      ##......     99%         4    ####...
 Sticky Flame             Conj/Fire      ##......     99%         4    ####...
 Animate Dead             Necr           N/A          100%        4    ####...
 Cause Fear               Hex            #.........   100%        4    ####...
 Dispel Undead            Necr           #.......     100%        4    ####...
 Summon Ice Beast         Ice/Summ       #.......     100%        4    ####...
 Summon Lightning Spire   Summ/Air       #.......     100%        4    ####...
 Agony                    Necr           #.......     100%        5    ######.
 Alistair's Intoxication  Tmut/Pois      #.......     100%        5    ######.
 Bolt of Magma            Conj/Fire/Erth ##........   100%        5    ######.
 Excruciating Wounds      Chrm/Necr      #.........   100%        5    ######.
 Fireball                 Conj/Fire      ##........   100%        5    ######.
 Irradiate                Conj/Tmut      ##........   100%        5    ######.
 Iskenderun's Battlesphe  Conj/Chrm      ##......     100%        5    ######.
 Lightning Bolt           Conj/Air       ##........   100%        5    ######.
 Metabolic Englaciation   Hex/Ice        #.........   100%        5    ######.
 Silence                  Hex/Air        #.........   100%        5    ######.
 Summon Forest            Summ/Tloc      #.........   100%        5    ######.
 Summon Mana Viper        Hex/Summ       #.......     100%        5    ######.
 Yara's Violent Unravell  Hex/Tmut       #.........   100%        5    ######.
 Conjure Ball Lightning   Conj/Air       ##........   100%        6    #######
 Dispersal                Tloc           ##........   100%        6    #######
 Eringya's Noxious Bog    Tmut/Pois      #.........   100%        6    #######
 Freezing Cloud           Conj/Ice/Air   #.........   100%        6    #######
 Hydra Form               Tmut           #.........   100%        6    #######
 Invisibility             Hex            #.......     100%        6    #######
 Iron Shot                Conj/Erth      ###.......   100%        6    #######
 Simulacrum               Ice/Necr       #.........   100%        6    #######
 Starburst                Conj/Fire      ##........   100%        6    #######
 Dragon Form              Tmut           #.........   100%        7    #######
 Malign Gateway           Summ/Tloc      #.........   100%        7    #######
 Orb of Destruction       Conj           ###.......   100%        7    #######
 Ring of Flames           Chrm/Fire      #.........   100%        7    #######
 Spellforged Servitor     Conj/Summ      ##........   100%        7    #######
 Summon Hydra             Summ           #.........   100%        7    #######
 Borgnjor's Revivificati  Necr           #.........   100%        8    #######
 Controlled Blink         Tloc           N/A          100%        8    #######
 Discord                  Hex            #.........   100%        8    #######
 Disjunction              Tloc           ##........   100%        8    #######
 Ignition                 Fire           #.........   100%        8    #######
 Shatter                  Erth           ###.......   100%        9    #######
 Tornado                  Air            #.........   100%        9    #######
 Sublimation of Blood     Necr           Unusable     N/A         2    N/A
 Statue Form              Tmut/Erth      Unusable     N/A         6    N/A

Dungeon Overview and Level Annotations

Branches:
Dungeon (15/15)            Temple (0/1) D:7            Lair (6/6) D:9
 Shoals (4/4) Lair:2       Spider (4/4) Lair:3        Slime (0/5) Lair:5
    Orc (2/2) D:11            Elf (3/3) Orc:2        Vaults (5/5) D:14
  Crypt (3/3) Vaults:3       Tomb (0/3) Crypt:3      Depths (5/5) D:15
    Zot (5/5) Depths:5      Sewer (visited)           IceCv (visited)
Volcano (visited)         Gauntlet (visited)

Altars:
Cheibriados
Dithmenos
Gozag
Hepliaklqana
Kikubaaqudgha
Nemelex Xobeh
Okawaru
Qazlal
Ru
Trog
Wu Jian
Xom
Zin
Beogh
Jiyva

Shops:
D:13 [   Orc:2 ![(=   Elf:1 !=%   Elf:2 }}=   Shoals:2 :   Vaults:1 [
Vaults:3 ?   Vaults:4 (((   Depths:1 =%?

Portals:
Hell: Depths:1 Depths:2 Depths:3 Depths:4 Depths:5
Abyss: Depths:2 Depths:4
Pandemonium: Depths:3 Depths:5

Annotations:
Elf:3 corrupted
Depths:1 corrupted
Zot:5 1 exclusion


Innate Abilities, Weirdness & Mutations

You are resistant to torment.
Your stone body is resilient. (AC +20)
You are immune to poison.
Your large and strong wings let you fly indefinitely.
You resist negative energy. (rN+)
You are resistant to electric shocks. (rElec)
You can survive without breathing.
You are immune to petrification.
You are immune to rotting.
Your skin changes colour to match your surroundings (Stealth+).
You are robust. (+10% HP)


Message History

Unknown command.
You are covered in liquid flames!
* * * LOW HITPOINT WARNING * * *
Vada gestures at you. The iron shot hits you!!
* * * LOW HITPOINT WARNING * * *
Unknown command.
You feel much better.
You are covered in liquid flames!
* * * LOW HITPOINT WARNING * * *
The Killer Klown is no longer mute.
You block Vada's attack. You block the Killer Klown's attack. Kimnein hits you!
* * * LOW HITPOINT WARNING * * *
Unknown command.
You feel much better.
You are covered in liquid flames!
* * * LOW HITPOINT WARNING * * *
Vada gestures at you. The iron shot hits you!!!
You die...

▓............
▓.................
▓.................)
▓∩................?
▓.................)
▓.................(
▓..................
▓..........&.......
▓▓▓▓▓▓.p..@&...▓
▓...u&pC§.▓
▓.........▓
▓▓▓▓▓▓▓▓▓▓▓


You could see Kimnein (dazed), Vada (dazed), Ybixob (dazed), 2 Killer Klowns, a
frost giant and a red very ugly thing.

Vanquished Creatures
  2 orbs of fire
  Mennas (Depths:1)
  3 ancient liches
  A juggernaut (Depths:2)
  Sojobo (Crypt:3)
  The ghost of Xenat the Impregnable, a veteran MiGl of Hepliaklqana (Crypt:1)
  3 Killer Klowns
  Bai Suzhen (Crypt:1)
  Margery (Vaults:3)
  2 curse toes
  Saint Roka (Depths:5)
  Xtahua (Vaults:1)
  3 caustic shrikes (Depths:5)
  2 bone dragons
  7 golden dragons
  A pandemonium lord (Zig:1)
  Jory (Vaults:2)
  An iron giant (Zot:5)
  A hellephant (Vaults:1)
  20 tentacled monstrosities
  Rupert (D:14)
  7 liches
  11 Orb Guardians (Zot:5)
  3 quicksilver dragons
  4 titans
  2 deep elf blademasters
  8 sphinxes
  2 krakens
  5 death cobs
  Frances (Shoals:1)
  13 storm dragons
  4 ancient champions
  A daeva (Depths:1)
  12 shadow dragons
  Roxanne (Shoals:1)
  2 draconian monks (Zot:4)
  11 tengu reavers
  2 revenants (Crypt:2)
  11 fire giants
  A draconian knight (Zot:1)
  7 frost giants
  The ghost of kulwych the Carver, a journeyman DrFi of the Shining One (Elf:2)
  3 iron dragons
  2 balrugs
  8 deep elf sorcerers
  A ghost moth (shapeshifter) (Gauntlet)
  6 draconian scorchers
  24 vault wardens
  3 orc warlords
  2 angels (Depths:1)
  10 emperor scorpions
  A ghost moth (Spider:4)
  3 curse skulls
  A juggernaut zombie (Zig:7)
  12 draconian stormcallers
  10 ghouls
  5 draconian shifters
  2 deep elf elementalists (Elf:3)
  Aizul (Vaults:4)
  5 draconian annihilators
  24 ironheart preservers
  2 spriggan defenders (Depths:4)
  5 reapers
  A war gargoyle (Zig:8)
  3 entropy weavers
  12 green draconians
  18 very ugly things
  11 black draconians
  8 vampire knights
  Nessos (D:15)
  20 stone giants
  6 deep elf demonologists
  4 deep elf annihilators
  13 purple draconians
  12 white draconians
  7 spark wasps
  7 red draconians
  8 yellow draconians
  3 minotaurs
  2 small abominations
  3 merfolk javelineers
  2 quicksilver dragon zombies
  13 fire dragons
  8 eidola
  30 ettins
  Josephine (D:9)
  A mummy priest (Crypt:3)
  2 jiangshi
  6 merfolk impalers
  9 deep elf death magi
  9 great orbs of eyes
  A quicksilver dragon skeleton (Crypt:1)
  Erolcha (D:11)
  7 deep elf high priests
  5 rakshasas
  16 yaktaur captains
  9 hydras
  15 ice dragons
  3 spriggan air magi
  31 vault guards
  4 merfolk aquamancers
  A naga warrior (Elf:2)
  6 catoblepae
  27 two-headed ogres
  32 dancing weapons
  12 centaur warriors
  2 death knights
  2 alligator snapping turtles (Shoals:4)
  4 merfolk avatars
  5 deep troll shamans
  Urug (Lair:1)
  16 deep troll earth magi
  4 death yaks (Depths:2)
  8 death scarabs (Spider:4)
  8 tengu warriors
  8 vampire magi
  5 satyrs
  4 spriggan berserkers
  2 orc high priests
  10 ogre magi
  35 hell knights
  2 soul eaters (Crypt:3)
  A sun demon (Zig:4)
  A titan skeleton (Vaults:3)
  21 deep elf knights
  2 storm dragon zombies
  2 spectral emperor scorpions (Spider:4)
  2 shadow wraiths (Crypt:2)
  An iron troll (Depths:4)
  A ghost moth zombie (Crypt:3)
  11 skeletal warriors
  3 storm dragon skeletons
  12 sea snakes
  7 wizards
  2 cherubim (Depths:1)
  An anaconda zombie (Crypt:3)
  34 deep trolls
  2 golden dragon zombies (Crypt:3)
  4 glowing orange brains
  An orange crystal statue (Zig:1)
  A swamp dragon (Zig:6)
  6 spectral wolf spiders (Spider:4)
  15 phantasmal warriors
  2 obsidian statues (Zig:1)
  5 unseen horrors
  A death drake (Zig:6)
  21 deep elf archers
  23 orb spiders
  2 wolf spider zombies
  17 ironbrand convokers
  3 flayed ghosts
  28 harpies
  13 orc knights
  2 orb spiders (shapeshifter)
  The ghost of FancyManDan the Corrupter of Planes, a novice DsAK of Lugonu (D:6)
  A shadow dragon zombie (Crypt:1)
  An iron dragon zombie (Depths:2)
  A sphinx skeleton (Crypt:2)
  3 anaconda skeletons
  79 deep elf magi
  2 golden dragon skeletons
  29 necromancers
  A shadow dragon skeleton (Vaults:3)
  6 orc sorcerers
  6 oklob plants
  9 cyclopes
  34 wolf spiders
  20 manticores
  48 ugly things
  3 tengu skeletons
  5 centaur zombies
  A wolf spider (shapeshifter) (Vaults:5)
  3 stone giant zombies (Crypt:3)
  25 moths of wrath
  3 elephants (Lair:4)
  A mana viper (shapeshifter) (Depths:4)
  3 fire giant skeletons
  22 fauns
  7 human skeletons
  A dire elephant zombie (Crypt:3)
  A frost giant skeleton (Crypt:3)
  An iron dragon skeleton (Crypt:2)
  3 black mambas
  3 stone giant skeletons
  16 vault sentinels
  An apocalypse crab (Zig:9)
  11 merfolk sirens
  8 water nymphs
  An elephant (shapeshifter) (D:15)
  3 ice statues
  2 smoke demons (Zig:4)
  24 spiny frogs
  6 gargoyles
  2 torpor snails
  3 spectral redbacks (Spider:4)
  An alligator snapping turtle zombie (Crypt:2)
  A green draconian zombie (Crypt:2)
  2 centaur skeletons (D:15)
  2 efreet
  49 yaktaurs
  A rime drake (shapeshifter) (Vaults:2)
  A komodo dragon (shapeshifter) (Elf:3)
  A yaktaur (shapeshifter) (Vaults:1)
  2 redback zombies (Spider:4)
  3 kobold demonologists
  5 rime drakes
  10 ice devils (IceCv)
  3 komodo dragons
  10 demonic crawlers
  12 freezing wraiths
  13 hellwings (Crypt:3)
  2 guardian mummies (Crypt:3)
  5 tengu conjurers
  A pale draconian skeleton (Crypt:1)
  A catoblepas skeleton (Crypt:1)
  5 trolls
  A harpy zombie (D:15)
  20 merfolk
  A queen bee (Gauntlet)
  A queen bee (shapeshifter) (Depths:3)
  4 meliai
  A death yak skeleton (Crypt:2)
  36 jumping spiders
  2 jumping spiders (shapeshifter)
  A troll (shapeshifter) (Depths:4)
  A black draconian skeleton (Crypt:2)
  8 tyrant leeches
  7 wind drakes
  A merfolk (shapeshifter) (Gauntlet)
  A spectral tarantella (Spider:4)
  11 hornets
  2 hydra zombies
  3 bog bodies
  15 slime creatures
  2 raiju (Zig:4)
  18 blink frogs
  An iron dragon simulacrum (Crypt:1)
  4 spectral jumping spiders (Spider:4)
  An alligator zombie (Crypt:2)
  2 hydra skeletons
  13 snapping turtles
  14 dream sheep
  An ice dragon zombie (Crypt:3)
  3 tarantella zombies (Spider:4)
  A hippogriff (shapeshifter) (Depths:2)
  2 meliai zombies
  A dream sheep (shapeshifter) (Vaults:5)
  A raiju (shapeshifter) (Vaults:2)
  12 hippogriffs
  2 flying skulls
  An ettin skeleton (Crypt:1)
  A ynoxinul (Zig:4)
  A spriggan (shapeshifter) (Vaults:3)
  2 air elementals
  An ice dragon skeleton (Crypt:3)
  3 shadows
  13 wraiths
  3 wyverns
  6 spriggans
  36 tarantellas
  A black mamba skeleton (Crypt:3)
  11 water elementals
  3 fire elementals
  A human (shapeshifter) (Depths:3)
  74 redbacks
  6 fire bats (Volcano)
  A golden eye (shapeshifter) (Vaults:2)
  A human (D:10)
  46 yaks
  A basilisk (shapeshifter) (Vaults:1)
  5 basilisks
  A chaos spawn (Zig:9)
  2 hungry ghosts
  Grum (D:8)
  A steam dragon (Lair:6)
  An elf simulacrum (Depths:2)
  9 vampire mosquitoes
  An emperor scorpion simulacrum (Crypt:1)
  4 wargs
  A merfolk zombie (Crypt:3)
  Edmund (D:4)
  An elf skeleton (Vaults:1)
  3 acid dragons
  An acid dragon (shapeshifter) (Depths:2)
  11 water moccasins
  Duvessa (D:7)
  4 spectral hornets (Spider:4)
  A faun skeleton (Crypt:1)
  6 porcupines
  6 sky beasts
  A porcupine (shapeshifter) (Depths:4)
  2 swamp drakes (Lair:6)
  A phantom (D:13)
  2 snapping turtle zombies (Crypt:3)
  48 orc warriors
  Purgy (Sewer)
  5 necrophages
  2 eyes of draining
  A fire dragon simulacrum (Crypt:1)
  36 ogres
  3 black bears (D:9)
  8 ice beasts
  14 boggarts
  A boggart (shapeshifter) (Vaults:2)
  30 centaurs
  8 wolves
  2 snapping turtle skeletons
  13 crocodiles
  An orc skeleton (Vaults:1)
  A human zombie (Vaults:1)
  3 big kobolds
  A yaktaur zombie (Crypt:2)
  29 bullfrogs
  6 earth elementals
  An ogre simulacrum (Vaults:1)
  A draconian skeleton (Crypt:2)
  10 wyvern skeletons
  Dowan (D:7)
  A hornet simulacrum (Vaults:1)
  4 yaktaur skeletons
  A warg zombie (Crypt:1)
  25 killer bees
  8 scorpions
  A raiju zombie (Crypt:1)
  A snapping turtle simulacrum (Crypt:2)
  A spriggan zombie (Crypt:3)
  22 wights
  6 electric eels
  6 howler monkeys
  6 lava snakes (Volcano)
  11 crimson imps
  14 hounds
  2 bullfrog zombies (D:13)
  2 human simulacra
  4 bullfrog skeletons
  5 jellies
  27 orc priests
  32 orc wizards
  A black bear skeleton (Crypt:1)
  An iron imp (Depths:3)
  A gnoll shaman (D:9)
  8 iguanas
  16 worker ants
  Natasha (thrice) (D:2)
  An acid dragon zombie (Crypt:1)
  A hound zombie (D:7)
  A hound skeleton (D:9)
  A mummy (Crypt:3)
  A howler monkey zombie (Crypt:1)
  2 worker ant zombies
  27 gnolls
  13 adders
  A scorpion zombie (Crypt:2)
  3 shadow imps
  4 white imps (IceCv)
  10 ufetubi (IceCv)
  2 adder skeletons
  A dart slug (D:1)
  4 worms
  6 leopard geckos
  130 orcs
  A ball python (Sewer)
  9 bats
  2 giant cockroaches
  A gnoll zombie (Crypt:2)
  5 goblins
  8 hobgoblins
  11 jackals
  3 quokkas
  A ball python skeleton (Crypt:2)
  A dart slug zombie (Crypt:2)
  12 frilled lizards
  24 kobolds
  A leopard gecko zombie (Crypt:2)
  4 rats
  3 crawling corpses (Elf:3)
  15 plants
  5 tentacles
  6 withered plants (Crypt:3)
2805 creatures vanquished.

Vanquished Creatures (collateral kills)
  Mara (Vaults:3)
  A frost giant (Depths:5)
  2 merfolk impalers (Shoals:2)
  A fire dragon (Depths:5)
  A sea snake (Shoals:2)
  2 fauns (Shoals:2)
  A manticore (Shoals:2)
  A salamander (Depths:5)
  A merfolk siren (Shoals:2)
  3 merfolk (Shoals:2)
  A redback (Gauntlet)
  3 plants (Shoals:2)
18 creatures vanquished.

Vanquished Creatures (others)
  A golden dragon (Zot:3)
  2 deep elf master archers (Elf:3)
  A daeva (Depths:1)
  A deep elf sorcerer (Elf:3)
  A ghost moth (Spider:4)
  An angel (Depths:1)
  A draconian shifter (Zot:2)
  5 deep elf elementalists (Elf:3)
  An ironheart preserver (Vaults:3)
  2 deep elf demonologists (Elf:3)
  3 deep elf annihilators (Elf:3)
  3 deep elf death magi (Elf:3)
  A merfolk impaler (Shoals:4)
  2 deep elf high priests (Elf:3)
  2 deep elf knights
  3 hell knights (Depths:1)
  4 cherubim (Depths:1)
  A large abomination (Elf:3)
  A necromancer (Depths:1)
  2 manticores
  A yaktaur (Vaults:3)
  A hornet (shapeshifter) (Depths:5)
  A warg (Vaults:3)
  An ogre (Depths:5)
  A warg skeleton (Crypt:1)
  An orc priest (Depths:5)
  A white imp (IceCv)
  4 ufetubi (IceCv)
  A kobold (D:13)
  2 bushes
  A crawling corpse (Elf:3)
  4 demonic plants (Gauntlet)
  47 fungi
  98 plants
  29 starspawn tentacles
  11 tentacles
242 creatures vanquished.

Grand Total: 3065 creatures vanquished

Notes
Turn   | Place    | Note
-------+----------+-------------------------------------------
     0 | Abyss:1  | DeepDeath the Gargoyle Abyssal Knight began the quest for
                  | the Orb.
     0 | Abyss:1  | Reached XP level 1. HP: 14/14 MP: 2/2
    22 | D:1      | Escaped the Abyss
   281 | D:1      | Reached XP level 2. HP: 12/19 MP: 3/3
   903 | D:2      | Noticed Natasha
   970 | D:1      | Reached XP level 3. HP: 23/23 MP: 4/4
   987 | D:2      | Reached XP level 4. HP: 19/28 MP: 5/5
  1084 | D:2      | Killed Natasha
  1084 | D:2      | Reached skill level 5 in Maces & Flails
  1139 | D:2      | Found an iron altar of Okawaru.
  1192 | D:2      | Reached ** piety under Lugonu
  1192 | D:2      | Reached XP level 5. HP: 31/32 MP: 6/6
  1914 | D:2      | Noticed Natasha
  1920 | D:2      | Killed Natasha
  1962 | D:2      | Noticed Natasha
  1972 | D:2      | Killed Natasha
  2051 | D:3      | Found an ancient bone altar of Kikubaaqudgha.
  2141 | D:3      | Found a sacrificial altar of Ru.
  2360 | D:3      | Reached XP level 6. HP: 16/37 MP: 7/7
  2686 | D:3      | Reached *** piety under Lugonu
  3019 | D:4      | Found a glowing drain.
  3066 | Sewer    | Entered a sewer
  3097 | Sewer    | Noticed Purgy
  3106 | Sewer    | Killed Purgy
  3106 | Sewer    | Reached XP level 7. HP: 29/41 MP: 8/8
  3462 | D:4      | Noticed a shadow
  3476 | D:4      | Found a shadowy altar of Dithmenos.
  3477 | D:4      | Found a hazy altar of Hepliaklqana.
  3826 | D:4      | Noticed Edmund
  3842 | D:4      | Killed Edmund
  3842 | D:4      | Reached skill level 1 in Throwing
  4067 | D:5      | Entered Level 5 of the Dungeon
  4099 | D:5      | Reached XP level 8. HP: 33/48 MP: 9/9
  4132 | D:5      | Found an iron altar of Okawaru.
  4167 | D:5      | Found an ornate altar of the Wu Jian Council.
  4193 | D:5      | Found a bloodstained altar of Trog.
  4297 | D:5      | Reached **** piety under Lugonu
  4327 | D:5      | Reached skill level 4 in Fighting
  4957 | D:6      | Reached skill level 5 in Fighting
  4984 | D:6      | Found a runed translucent gate.
  4984 | D:6      | Found a runed translucent gate.
  4984 | D:6      | Found a runed translucent gate.
  5157 | D:6      | Reached XP level 9. HP: 54/54 MP: 12/12
  5163 | D:6      | Noticed FancyManDan's ghost (novice DsAK)
  5213 | D:6      | Reached skill level 10 in Maces & Flails
  5219 | D:6      | Reached skill level 1 in Dodging
  5272 | D:6      | Got a pitted ring mail
  5362 | D:6      | Identified the cursed +1 ring mail "Jiciotwo" {rC+ rCorr
                  | Str+5} (You found it on level 6 of the Dungeon)
  5722 | D:7      | Found a staircase to the Ecumenical Temple.
  5736 | D:7      | Reached ***** piety under Lugonu
  5742 | D:7      | Reached skill level 1 in Evocations
  5932 | D:7      | Reached skill level 1 in Shields
  6056 | D:7      | Noticed Duvessa
  6056 | D:7      | Noticed Dowan
  6071 | D:7      | Killed Duvessa
  6076 | D:7      | Killed Dowan
  6119 | D:7      | Reached skill level 5 in Armour
  6119 | D:7      | Reached XP level 10. HP: 60/60 MP: 13/13
  6265 | D:7      | Reached skill level 5 in Invocations
  6293 | D:7      | Reached skill level 6 in Fighting
  6407 | D:7      | Found a shimmering altar of Xom.
  6813 | D:8      | Found a stormy altar of Qazlal.
  6970 | D:8      | Noticed Grum
  6994 | D:8      | Killed Grum
  7417 | D:8      | Found a snail-covered altar of Cheibriados.
  7497 | D:8      | Reached skill level 7 in Fighting
  8216 | D:9      | Reached skill level 5 in Shields
  8253 | D:9      | Reached XP level 11. HP: 62/67 MP: 15/15
  8335 | D:9      | Found a staircase to the Lair.
  8763 | D:9      | Reached skill level 8 in Fighting
  8955 | D:9      | Reached ****** piety under Lugonu
  9011 | D:10     | Entered Level 10 of the Dungeon
  9011 | D:10     | Noticed Josephine
  9027 | D:9      | Killed Josephine
  9260 | D:10     | Noticed a two-headed ogre
  9282 | D:10     | Killed a two-headed ogre
  9696 | Lair:1   | Entered Level 1 of the Lair of Beasts
  9793 | Lair:1   | Found a gate leading to a gauntlet.
  9798 | Lair:1   | Reached XP level 12. HP: 75/75 MP: 16/16
  9853 | Lair:1   | Noticed a seven-headed hydra
  9871 | Lair:1   | Killed a seven-headed hydra
  9932 | Gauntlet | Entered a Gauntlet
  9932 | Gauntlet | Found a transporter.
  9940 | Gauntlet | Found a transporter.
  9942 | Gauntlet | Found a transporter.
  9953 | Gauntlet | Found a transporter.
  9967 | Gauntlet | Found a transporter.
  9975 | Gauntlet | Found a transporter.
  9990 | Gauntlet | Noticed a hell hog
  9991 | Gauntlet | Found a transporter.
 10011 | Gauntlet | Found a transporter.
 10024 | Gauntlet | Noticed a death ooze
 10027 | Gauntlet | Found a transporter.
 10044 | Gauntlet | Noticed a blizzard demon
 10045 | Gauntlet | Found a transporter.
 10050 | Gauntlet | Found a transporter.
 10065 | Gauntlet | Found a transporter.
 10070 | Gauntlet | Found a transporter.
 10085 | Gauntlet | Found a transporter.
 10085 | Gauntlet | Noticed a green death
 10115 | Gauntlet | Found a transporter.
 10132 | Gauntlet | Found a transporter.
 10163 | Gauntlet | Found a transporter.
 10208 | Gauntlet | Found a transporter.
 10369 | Gauntlet | Noticed a two-headed ogre
 10384 | Gauntlet | a two-headed ogre changed into a faun
 10394 | Gauntlet | Noticed an anaconda
 10394 | Gauntlet | a faun changed into an anaconda
 10395 | Gauntlet | Noticed a fire dragon
 10395 | Gauntlet | an anaconda changed into a fire dragon
 10397 | Gauntlet | a fire dragon changed into something unseen
 10406 | Gauntlet | Killed a ghost moth
 10539 | Gauntlet | Got a bound pewter amulet
 10548 | Gauntlet | Got a pitted fustibalus
 10551 | Gauntlet | Identified the amulet "Ovvusaeb" {Spirit Int+6 Dex-4} (You
                  | found it in a Gauntlet)
 10699 | Gauntlet | Noticed a minotaur
 10720 | Gauntlet | Killed a minotaur
 10720 | Gauntlet | Reached skill level 9 in Fighting
 10817 | Gauntlet | Got faintly glowing shadow dragon scales
 11013 | Lair:1   | Noticed Urug
 11043 | Lair:1   | Killed Urug
 11422 | Lair:2   | Found a dark tunnel.
 11528 | Lair:2   | Identified the +9 fustibalus "Nuon Qim" {flame, rF+} (You
                  | found it in a Gauntlet)
 11552 | Volcano  | Entered a volcano
 11882 | Volcano  | Reached skill level 10 in Fighting
 12014 | Volcano  | Noticed a stone giant
 12025 | Volcano  | Killed a stone giant
 12025 | Volcano  | Reached XP level 13. HP: 50/82 MP: 19/19
 12174 | Volcano  | Found a radiant altar of Vehumet.
 12199 | Volcano  | Found a radiant altar of Vehumet.
 12817 | Lair:2   | Found a staircase to the Shoals.
 12832 | Lair:2   | Reached skill level 1 in Slings
 13564 | Lair:2   | Got a translucent leather armour
 13830 | Lair:3   | Found a hole to the Spider Nest.
 14630 | Lair:4   | Reached skill level 11 in Fighting
 15376 | Lair:5   | Found a viscous altar of Jiyva.
 15708 | Lair:5   | Reached skill level 5 in Slings
 15712 | Lair:5   | Found a staircase to the Slime Pits.
 16164 | Lair:5   | Reached skill level 10 in Invocations
 16331 | Lair:5   | Gained mutation: Your large and strong wings let you fly
                  | indefinitely. [Gargoyle growth]
 16331 | Lair:5   | Reached XP level 14. HP: 68/90 MP: 21/21
 16730 | D:6      | Killed FancyManDan's ghost
 16899 | D:11     | Noticed Erolcha
 16922 | D:11     | Killed Erolcha
 16922 | D:11     | Reached skill level 10 in Armour
 17741 | D:11     | Found a staircase to the Orcish Mines.
 17752 | D:11     | Found a roughly hewn altar of Beogh.
 17979 | Orc:1    | Entered Level 1 of the Orcish Mines
 18167 | D:12     | Found a frozen archway.
 18381 | IceCv    | Entered an ice cave
 18592 | IceCv    | Found the +0 pair of fencer's gloves {Riposte Dex+3}
 18913 | IceCv    | Noticed a reaper
 18930 | IceCv    | Killed a reaper
 18930 | IceCv    | Reached skill level 12 in Fighting
 19110 | IceCv    | Got a crystal long sword
 19136 | IceCv    | Got a bloodstained demon blade
 19779 | Orc:1    | Noticed an orc warlord
 19809 | Orc:1    | Killed an orc warlord
 20224 | Orc:2    | Entered Level 2 of the Orcish Mines
 20251 | Orc:2    | Found a roughly hewn altar of Beogh.
 20405 | Orc:2    | Found a staircase to the Elven Halls.
 20574 | Orc:2    | Found a roughly hewn altar of Beogh.
 20724 | Orc:2    | Found a roughly hewn altar of Beogh.
 20742 | Orc:2    | Found Codwe's Jewellery Shop.
 20747 | Orc:2    | Bought an uncursed ring of protection from cold for 375
                  | gold pieces
 20806 | Orc:2    | Found a roughly hewn altar of Beogh.
 20933 | Orc:2    | Found a roughly hewn altar of Beogh.
 21056 | Orc:2    | Found a roughly hewn altar of Beogh.
 21083 | Orc:2    | Found Syzoy's Distillery.
 21096 | Orc:2    | Bought a potion of berserk rage for 70 gold pieces
 21096 | Orc:2    | Bought a potion of heal wounds for 70 gold pieces
 21096 | Orc:2    | Bought a potion of might for 56 gold pieces
 21186 | Orc:2    | Reached skill level 5 in Dodging
 21226 | Orc:2    | Noticed an orc warlord
 21260 | Orc:2    | Killed an orc warlord
 21480 | Orc:2    | Found Olafe's Antique Weapon Emporium.
 21484 | Orc:2    | Found a roughly hewn altar of Beogh.
 21490 | Orc:2    | Found Oqoud's Antique Armour Shoppe.
 21499 | Orc:2    | Bought a dazzling hand axe for 240 gold pieces
 21511 | Orc:2    | Bought a glowing flail for 195 gold pieces
 21518 | Orc:2    | Bought a crude helmet for 266 gold pieces
 21526 | Orc:2    | Identified the +0 helmet of Awe {Int+7} (You bought it in a
                  | shop on level 2 of the Orcish Mines)
 21529 | Orc:2    | Identified the +5 hand axe "Myattevo" {vamp, +Blink rN+ MR+
                  | Str-3 Dex+6} (You bought it in a shop on level 2 of the
                  | Orcish Mines)
 21534 | Orc:2    | Bought a translucent scale mail for 252 gold pieces
 21534 | Orc:2    | Bought a fading chain mail for 266 gold pieces
 21766 | Lair:6   | Entered Level 6 of the Lair of Beasts
 21908 | Lair:6   | Reached skill level 1 in Axes
 21991 | Lair:6   | Reached XP level 15. HP: 79/96 MP: 22/22
 23435 | Lair:2   | Identified the +0 chain mail "Togioc" {*Slow Int+3 Slay+3
                  | Stlth+} (You bought it in a shop on level 2 of the Orcish
                  | Mines)
 24482 | D:13     | Found Kis Jew's Antique Armour Boutique.
 24496 | D:13     | Bought a scorched chain mail for 256 gold pieces
 24497 | D:13     | Identified the +1 chain mail of Gionim {Int+2} (You bought
                  | it in a shop on level 13 of the Dungeon)
 24633 | D:14     | Noticed Rupert
 24644 | D:14     | Killed Rupert
 24779 | D:14     | Found a gate to the Vaults.
 24969 | D:14     | Reached skill level 5 in Axes
 25217 | D:14     | Reached XP level 16. HP: 86/101 MP: 23/23
 25513 | D:14     | Got an iridescent flail
 25514 | D:14     | Identified the +6 flail "Giantbane" {drain, Int+6 Stlth-}
                  | (You found it on level 14 of the Dungeon)
 26008 | D:13     | Identified the +5 plate armour "Ilanou" {Dex+2}
 26134 | D:13     | Bought a shiny chain mail for 202 gold pieces
 26157 | D:13     | Identified a scroll of acquirement
 26157 | D:13     | Acquired the ring "Osasan Ruri" {rPois EV+4 SInv}
 26194 | D:15     | Entered Level 15 of the Dungeon
 26604 | D:15     | Found a staircase to the Depths.
 26954 | D:15     | Noticed Nessos
 26969 | D:15     | Killed Nessos
 26969 | D:15     | Reached skill level 10 in Slings
 28091 | Shoals:1 | Entered Level 1 of the Shoals
 28091 | Shoals:1 | Noticed Roxanne
 28133 | Shoals:1 | Killed Roxanne
 29028 | Shoals:1 | Noticed Frances
 29038 | Shoals:1 | Killed Frances
 29448 | Shoals:2 | Found Dilasel's Book Shop.
 29481 | Shoals:2 | Reached skill level 13 in Fighting
 29553 | Shoals:2 | Noticed a kraken
 29568 | Shoals:2 | Killed a kraken
 29780 | Shoals:2 | Found a transporter.
 30140 | Shoals:2 | Identified the +2 buckler "Iple" {rCorr}
 30155 | Shoals:2 | Found a transporter.
 30351 | Shoals:2 | Reached XP level 17. HP: 109/109 MP: 24/24
 30526 | Spider:1 | Entered Level 1 of the Spider Nest
 31084 | Spider:1 | Got a pitted iron ring
 31243 | Spider:1 | Reached skill level 14 in Fighting
 32062 | Spider:2 | Reached skill level 15 in Armour
 33303 | Spider:2 | Identified the ring "Imides" {rElec rN+++ MR- Str+6 Int-4}
                  | (You found it on level 1 of the Spider Nest)
 33761 | Shoals:3 | Noticed a kraken
 34306 | Shoals:3 | Reached XP level 18. HP: 112/117 MP: 25/25
 35154 | Shoals:4 | Entered Level 4 of the Shoals
 35224 | Shoals:4 | Got a pair of faintly humming gloves
 35262 | Shoals:3 | Identified the cursed +0 pair of gloves of Eternal Night
                  | {rPois Regen+ Str-4 Dex+6} (You found it on level 4 of the
                  | Shoals)
 35426 | Shoals:4 | Found the +7 captain's cutlass {speed, disarm}
 36269 | Shoals:4 | Reached skill level 15 in Fighting
 36307 | Shoals:4 | Got a barnacled rune of Zot
 38602 | Spider:4 | Entered Level 4 of the Spider Nest
 39247 | Lair:2   | Identified the +6 scale mail of a ziggurat {MR+ Int+2} (You
                  | bought it in a shop on level 2 of the Orcish Mines)
 39429 | Spider:4 | Reached XP level 19. HP: 113/125 MP: 26/26
 39451 | Spider:4 | Reached skill level 16 in Fighting
 40098 | Orc:2    | Bought a distressingly furry scale mail for 252 gold pieces
 40099 | Orc:2    | Identified the cursed +1 scale mail of the Dungeon {Str+4
                  | Stlth+} (You bought it in a shop on level 2 of the Orcish
                  | Mines)
 41666 | Spider:4 | Got a gossamer rune of Zot
 41927 | Lair:2   | Learned a level 1 spell: Apportation
 41931 | Lair:2   | Learned a level 3 spell: Stone Arrow
 42074 | Vaults:1 | Entered Level 1 of the Vaults
 42132 | Vaults:1 | Reached skill level 10 in Axes
 42189 | Vaults:1 | Found a huge runed gate.
 42189 | Vaults:1 | Found a huge runed gate.
 42189 | Vaults:1 | Found a huge runed gate.
 42189 | Vaults:1 | Found a huge runed gate.
 42189 | Vaults:1 | Found a huge runed gate.
 42190 | Vaults:1 | Found a huge runed gate.
 42190 | Vaults:1 | Found a huge runed gate.
 42190 | Vaults:1 | Found a huge runed gate.
 42191 | Vaults:1 | Found a huge runed gate.
 42191 | Vaults:1 | Found a huge runed gate.
 42251 | Vaults:1 | Reached skill level 1 in Translocations
 42453 | Vaults:1 | Found a huge runed gate.
 42453 | Vaults:1 | Found a huge runed gate.
 42454 | Vaults:1 | Found a huge runed gate.
 42454 | Vaults:1 | Found a huge runed gate.
 42454 | Vaults:1 | Found a huge runed gate.
 42454 | Vaults:1 | Found a huge runed gate.
 42455 | Vaults:1 | Found a huge runed gate.
 42456 | Vaults:1 | Found a huge runed gate.
 42457 | Vaults:1 | Found a huge runed gate.
 42465 | Vaults:1 | Found a huge runed gate.
 42465 | Vaults:1 | Found a huge runed gate.
 42465 | Vaults:1 | Found a huge runed gate.
 42465 | Vaults:1 | Found a huge runed gate.
 42465 | Vaults:1 | Found a huge runed gate.
 42465 | Vaults:1 | Found a huge runed gate.
 42465 | Vaults:1 | Found a huge runed gate.
 42466 | Vaults:1 | Found a huge runed gate.
 42468 | Vaults:1 | Reached skill level 1 in Conjurations
 42468 | Vaults:1 | Reached skill level 1 in Earth Magic
 42469 | Vaults:1 | Found a huge runed gate.
 42491 | Vaults:1 | Found a huge runed gate.
 42491 | Vaults:1 | Found a huge runed gate.
 42491 | Vaults:1 | Found a huge runed gate.
 42491 | Vaults:1 | Found a huge runed gate.
 42491 | Vaults:1 | Found a huge runed gate.
 42491 | Vaults:1 | Found a huge runed gate.
 42493 | Vaults:1 | Found a huge runed gate.
 42500 | Vaults:1 | Found a huge runed gate.
 42517 | Vaults:1 | Reached skill level 1 in Spellcasting
 43238 | Vaults:1 | Found Vyen's Antique Armour Shop.
 43317 | Vaults:1 | Bought a pair of faintly humming boots for 380 gold pieces
 43579 | Vaults:1 | Identified the cursed +0 pair of boots of Ibbaz {*Drain
                  | +Fly Dex+4} (You bought it in a shop on level 1 of the
                  | Vaults)
 43682 | Vaults:1 | Reached XP level 20. HP: 131/131 MP: 27/27
 43727 | Vaults:1 | Reached skill level 10 in Dodging
 44581 | Orc:2    | Bought a faintly humming scale mail for 252 gold pieces
 44583 | Orc:2    | Identified the +3 scale mail "Zerua" {rN++ Str-2} (You
                  | bought it in a shop on level 2 of the Orcish Mines)
 44646 | Elf:1    | Entered Level 1 of the Elven Halls
 44868 | Elf:1    | Found Houfek's Distillery.
 45859 | Elf:1    | Found Woqixt's Food Shoppe.
 45859 | Elf:1    | Found Zesuv's Jewellery Emporium.
 45995 | Elf:1    | Reached skill level 5 in Evocations
 46362 | Orc:2    | Bought a potion of cancellation for 112 gold pieces
 46486 | Elf:1    | Got a bound bone ring
 46489 | Elf:1    | Got an ichor-stained great sword
 46513 | Elf:1    | Identified the ring "Liwe" {MR+ Int+5} (You found it on
                  | level 1 of the Elven Halls)
 46761 | Vaults:2 | Noticed Jory
 46791 | Vaults:2 | Killed Jory
 47585 | Vaults:2 | Reached skill level 17 in Fighting
 47692 | Vaults:2 | Found a sparkling altar of Nemelex Xobeh.
 47953 | Vaults:2 | Noticed Xtahua
 47956 | Vaults:2 | Paralysed by Xtahua for 5 turns
 48120 | Vaults:1 | Killed Xtahua
 48120 | Vaults:1 | Reached XP level 21. HP: 113/139 MP: 30/30
 48806 | Vaults:3 | Noticed Mara
 48839 | Vaults:3 | Noticed DeepDeath's illusion
 48846 | Vaults:3 | Killed Mara
 49042 | Lair:2   | Identified the +5 shadow dragon scales of Qazlal's Scorn
                  | {rCorr Int+2 Stlth++++} (You found it in a Gauntlet)
 49448 | Vaults:3 | Noticed Margery
 49504 | Vaults:3 | Killed Margery
 50230 | Vaults:3 | Reached skill level 18 in Fighting
 51030 | Vaults:3 | Reached skill level 5 in Throwing
 51242 | Vaults:3 | You fall into a shaft and drop 1 floor!
 51316 | Vaults:4 | Reached XP level 22. HP: 148/148 MP: 31/31
 51448 | Vaults:4 | Found Gozag's Antique Weapon Emporium.
 51545 | Vaults:4 | Found an opulent altar of Gozag.
 51546 | Vaults:4 | Found Gozag's Antique Weapon Emporium.
 51549 | Vaults:4 | Bought a translucent mace for 800 gold pieces
 51549 | Vaults:4 | Identified the +8 mace of Untruth {vorpal, rElec} (You
                  | bought it in a shop on level 4 of the Vaults)
 51563 | Vaults:4 | Found Gozag's Antique Weapon Shoppe.
 51697 | Vaults:4 | Bought a bloodstained war axe for 850 gold pieces
 51698 | Vaults:4 | Identified the +11 war axe of Akhy {vorpal, rF+ Stlth+}
                  | (You bought it in a shop on level 4 of the Vaults)
 52047 | Vaults:4 | Reached skill level 19 in Fighting
 52948 | Vaults:3 | Found Duety's Magic Scroll Emporium.
 52965 | Vaults:3 | Identified the +6 chain mail "Qotivurch" {rElec Str+3
                  | Slay+3} (You found it on level 3 of the Vaults)
 53002 | Vaults:3 | Bought 2 scrolls of identify for 64 gold pieces
 53215 | Vaults:3 | Found a staircase to the Crypt.
 53647 | Vaults:4 | Noticed Aizul
 53659 | Vaults:4 | Killed Aizul
 54545 | Elf:1    | Bought 2 potions of heal wounds for 140 gold pieces
 54656 | Elf:2    | Found a runed translucent gate.
 54657 | Elf:2    | Found a runed translucent gate.
 54658 | Elf:2    | Found a runed translucent gate.
 54662 | Elf:2    | Noticed kulwych's ghost (journeyman DrFi)
 54669 | Elf:2    | Found an iron altar of Okawaru.
 54787 | Elf:2    | Reached skill level 1 in Stealth
 54839 | Elf:2    | Found a shimmering altar of Xom.
 55065 | Elf:2    | Found Zaekh's Gadget Shoppe.
 55067 | Elf:2    | Found Qos Jymn's Jewellery Shop.
 55068 | Elf:2    | Found Xewkyrot's Gadget Shoppe.
 55117 | Elf:2    | Reached skill level 10 in Shields
 55277 | Elf:2    | Found a huge runed translucent gate.
 55277 | Elf:2    | Found a huge runed translucent gate.
 55277 | Elf:2    | Found a huge runed translucent gate.
 55277 | Elf:2    | Found a huge runed translucent gate.
 55279 | Elf:2    | Found a huge runed translucent gate.
 55593 | Elf:3    | Entered Level 3 of the Elven Halls
 56762 | Elf:3    | Corrupted Elf:3
 56762 | Elf:3    | Noticed an ancient lich
 57023 | Elf:3    | Reached XP level 23. HP: 155/155 MP: 32/32
 57101 | Elf:3    | Identified the +5 dagger of Dullness {vamp, rF+ Str-5
                  | Int+4}
 57114 | Elf:3    | Identified the ring "Ilux" {MP+9 Dex+2}
 57394 | Elf:3    | Found the +3 pair of gauntlets of War {Slay+5}
 57403 | Elf:3    | Identified the +6 scale mail of Otwuleun {Dex+5} (You found
                  | it on level 3 of the Elven Halls)
 57410 | Elf:3    | Identified the +0 scale mail "Feathyuvai" {-Tele Regen+
                  | rCorr} (You found it on level 3 of the Elven Halls)
 58004 | Orc:2    | Bought smoking fire dragon scales for 1820 gold pieces
 58005 | Orc:2    | Identified the +5 fire dragon scales "Ruywe" {rElec rF++
                  | rC- rCorr Str-4 Stlth-} (You bought it in a shop on level 2
                  | of the Orcish Mines)
 58983 | Lair:2   | Identified the +10 demon blade "Toaf" {flame, MR+} (You
                  | found it in an ice cave)
 58984 | Lair:2   | Identified the +8 long sword of Gargh {antimagic, *Contam
                  | rElec rN+ Str+4} (You found it in an ice cave)
 59229 | Depths:1 | Entered Level 1 of the Depths
 59546 | Depths:1 | Found Umola's Magic Scroll Shoppe.
 59666 | Depths:1 | Found Ugaacih's Jewellery Boutique.
 59862 | Depths:1 | Found Xubyox's General Store.
 59952 | Depths:1 | Reached skill level 20 in Fighting
 60075 | Depths:1 | Found Dunnirir's Food Shop.
 60304 | Depths:1 | Corrupted Depths:1
 60480 | Depths:1 | Identified the cursed +0 buckler "Vefag" {Dex+4}
 60722 | Depths:1 | Noticed Mennas
 60735 | Depths:1 | Killed Mennas
 60770 | Depths:1 | Found a glowing silver altar of Zin.
 61503 | Depths:1 | Found a gateway to Hell.
 62457 | Depths:2 | Noticed a juggernaut
 62488 | Depths:2 | Killed a juggernaut
 62598 | Depths:2 | Identified the +2 trident of the Ecumenical Temple {vorpal,
                  | rElec MR- Dex+8} (You found it on level 2 of the Depths)
 62825 | Depths:2 | Reached skill level 21 in Fighting
 62893 | Depths:2 | Reached XP level 24. HP: 151/166 MP: 32/32
 63502 | Elf:2    | Bought the ring "Zungufip" {Wiz rC+ rN+} for 674 gold
                  | pieces
 63836 | Depths:2 | Found a one-way gate to the infinite horrors of the Abyss.
 63932 | Depths:2 | Identified the Tome of Combat Magic
 64826 | Depths:3 | Found a one-way gate leading to the halls of Pandemonium.
 65681 | Depths:3 | Acquired 840 gold pieces
 65792 | Depths:1 | Bought the ring "Jiommob" {rF+ Str+8} for 878 gold pieces
 66282 | Elf:2    | Killed kulwych's ghost
 66768 | Elf:2    | Reached skill level 22 in Fighting
 67827 | Depths:4 | Reached skill level 15 in Shields
 68090 | Depths:4 | Found a gateway to a ziggurat.
 68684 | Depths:4 | Reached XP level 25. HP: 173/173 MP: 32/32
 69466 | Depths:4 | Identified the Handbook of Benedictions
 69875 | Depths:5 | Entered Level 5 of the Depths
 70033 | Depths:5 | Noticed Saint Roka
 70400 | Depths:5 | Reached skill level 23 in Fighting
 70427 | Depths:5 | Killed Saint Roka
 70482 | Depths:5 | Found a gate to the Realm of Zot.
 72027 | Crypt:1  | Entered Level 1 of the Crypt
 72133 | Crypt:1  | Reached XP level 26. HP: 137/183 MP: 32/32
 72139 | Crypt:1  | Noticed Bai Suzhen
 72156 | Crypt:1  | Killed Bai Suzhen
 72875 | Crypt:1  | Found a runed translucent gate.
 72875 | Crypt:1  | Found a runed translucent gate.
 72875 | Crypt:1  | Found a runed translucent gate.
 72876 | Crypt:1  | Noticed Xenat's ghost (veteran MiGl)
 73413 | Crypt:1  | Killed Xenat's ghost
 73821 | Elf:1    | Bought a potion of heal wounds for 70 gold pieces
 73821 | Elf:1    | Bought a potion of heal wounds for 70 gold pieces
 73821 | Elf:1    | Bought a potion of haste for 140 gold pieces
 75451 | Crypt:3  | Entered Level 3 of the Crypt
 75664 | Crypt:3  | Reached skill level 24 in Fighting
 75809 | Crypt:3  | Noticed Sojobo
 75837 | Crypt:3  | Killed Sojobo
 75946 | Crypt:3  | Identified Moreqitu's Almanac of the Eleven People
 75951 | Crypt:3  | Identified the Tome of the Onion
 76221 | Crypt:3  | Found a staircase to the Tomb.
 76909 | Crypt:3  | Found an ancient bone altar of Kikubaaqudgha.
 77147 | Crypt:3  | Noticed an ancient lich
 77158 | Crypt:3  | Reached XP level 27. HP: 191/191 MP: 32/32
 77163 | Crypt:3  | Killed an ancient lich
 77177 | Crypt:3  | Got a shimmering lapis lazuli ring
 77185 | Crypt:3  | Got a bloodstained broad axe
 77198 | Crypt:3  | Identified the +7 broad axe "Cuumor" {vorpal, Fragile rElec
                  | Int+6} (You found it on level 3 of the Crypt)
 77199 | Crypt:3  | Identified the ring of Tipafoym {rC+ MR+ Int+4 Dex+6} (You
                  | found it on level 3 of the Crypt)
 77876 | Vaults:3 | Bought a scroll of summoning for 152 gold pieces
 77876 | Vaults:3 | Bought a scroll of magic mapping for 56 gold pieces
 78017 | Vaults:5 | Entered Level 5 of the Vaults
 78068 | Vaults:5 | Noticed an ancient lich
 78103 | Vaults:4 | Killed an ancient lich
 78256 | Vaults:5 | Identified the +8 great sword of the Spider Nest {protect,
                  | rPois rF+}
 78443 | Vaults:5 | Identified the +8 falchion of Buelic {freeze, rN+ Dex+7}
 78443 | Vaults:5 | Identified the +7 tower shield of the Unseen Realm {rCorr}
 78445 | Vaults:5 | Reached skill level 25 in Fighting
 78660 | Vaults:5 | Found the ring of Phasing {EV+8}
 78663 | Vaults:5 | Got a silver rune of Zot
 78669 | Vaults:5 | Got a brightly glowing turquoise ring
 78671 | Vaults:5 | Identified the ring "Hetam" {rF+ MR++ Int+2 Dex-4} (You
                  | found it on level 5 of the Vaults)
 78729 | Vaults:5 | Identified the +9 mace "Girulof" {freeze, rElec rC+ Int+5}
 79221 | Vaults:5 | Found the +12 Vampire's Tooth {vamp}
 79299 | Vaults:5 | Reached skill level 15 in Axes
 80937 | Vaults:1 | Identified the +1 short sword of the Coward {antimagic, rC+
                  | Str+3} (You found it on level 1 of the Vaults)
 81090 | Vaults:4 | Bought a glimmering trident for 850 gold pieces
 81091 | Vaults:4 | Identified the +5 trident of Virtue {vorpal, rC+ Str+4
                  | Int-4} (You bought it in a shop on level 4 of the Vaults)
 81454 | Zot:1    | Entered Level 1 of the Realm of Zot
 81878 | Zot:1    | Got a translucent steel amulet
 82062 | Zot:1    | Identified the amulet "Wymmur" {Inacc Int+4} (You found it
                  | on level 1 of the Realm of Zot)
 83043 | Zot:3    | Reached skill level 5 in Stealth
 83104 | Zot:3    | Acquired 520 gold pieces
 83619 | Zot:3    | Noticed an orb of fire
 83628 | Zot:3    | Gained mutation: You do not regenerate when monsters are
                  | visible. [an orb of fire]
 83636 | Zot:3    | Killed an orb of fire
 84257 | Zot:3    | Identified the +3 flail of Vuxzeum Keaz {venom, rElec rN+
                  | Str+4} (You found it on level 3 of the Realm of Zot)
 85631 | Zot:5    | Entered Level 5 of the Realm of Zot
 85645 | Zot:5    | Reached skill level 10 in Throwing
 86065 | Zot:5    | Noticed an orb of fire
 86066 | Zot:5    | Reached skill level 26 in Fighting
 86070 | Zot:5    | Gained mutation: Your spells are a little easier to cast,
                  | but a little less powerful. [an orb of fire]
 86080 | Zot:5    | Killed an orb of fire
 86203 | Zot:5    | Noticed an ancient lich
 86210 | Zot:5    | Killed an ancient lich
 86522 | Depths:1 | Bought a scroll of enchant weapon for 120 gold pieces
 86734 | Vaults:3 | Bought a scroll of enchant weapon for 120 gold pieces
 86883 | Vaults:1 | Lost mutation: Your spells are a little easier to cast, but
                  | a little less powerful. [potion of mutation]
 86883 | Vaults:1 | Lost mutation: You do not regenerate when monsters are
                  | visible. [potion of mutation]
 86883 | Vaults:1 | Gained mutation: Your skin changes colour to match your
                  | surroundings (Stealth+). [potion of mutation]
 86883 | Vaults:1 | Gained mutation: You are robust. (+10% HP) [potion of
                  | mutation]
 87117 | Zig:1    | Entered Level 1 of a ziggurat
 87117 | Zig:1    | Noticed Ciginkin the pandemonium lord
 87135 | Zig:1    | Killed Ciginkin the pandemonium lord
 87434 | Zig:2    | Entered Level 2 of a ziggurat
 87476 | Zig:2    | Got an encrusted mace
 87480 | Zig:2    | Identified the +6 mace of Blind Justice {drain, MR+ Str+5
                  | Int-5} (You found it on level 2 of a ziggurat)
 87485 | Zig:3    | Entered Level 3 of a ziggurat
 87530 | Zig:3    | Identified Sareh's Handbook of Transformation and
                  | Conjuration
 87536 | Zig:4    | Entered Level 4 of a ziggurat
 87570 | Zig:4    | Got a sparkling iron ring
 87577 | Zig:4    | Identified the Almanac of Ensnaring Summoning
 87583 | Zig:4    | Identified the ring of Hown {+Fly rPois rC++ Str-2} (You
                  | found it on level 4 of a ziggurat)
 87587 | Zig:5    | Entered Level 5 of a ziggurat
 87695 | Zig:6    | Entered Level 6 of a ziggurat
 87748 | Zig:6    | Identified Nuon's Catalogue of Confrontation
 87784 | Zig:7    | Entered Level 7 of a ziggurat
 87791 | Zig:7    | Found the +8 mithril axe "Arga" {speed, MR+}
 87856 | Zig:7    | Identified the amulet "Lopie" {Spirit rC- Str-2 Int+5
                  | Dex+6} (You found it on level 7 of a ziggurat)
 87859 | Zig:7    | Identified the ring of the Glimmering Hero {+Fly MR+ Int+2}
                  | (You found it on level 7 of a ziggurat)
 87905 | Zig:8    | Entered Level 8 of a ziggurat
 87958 | Zig:8    | Identified the Papyrus of the Glacial Voyage
 87991 | Zig:9    | Entered Level 9 of a ziggurat
 88002 | Zig:9    | Noticed Kimnein the pandemonium lord
 88003 | Zig:9    | Noticed Ybixob the pandemonium lord
 88004 | Zig:9    | Noticed Vada the pandemonium lord
 88027 | Zig:9    | Killed from afar by Vada the pandemonium lord

Illustrated notes

Levels and vault maps discovered:
D:1:      beargit_arrival_greenhouse, layout_loops_corners
D:2:      layout_loops_corners, okawaru_gym_becter, kennysheep_generic_room_8,
          uniq_natasha
D:3:      layout_basic, lemuel_crystal_altar, old_standard_altar, first_ration
D:4:      minmay_general_purpose_star, layout_loops_cross,
          riverfiend_overflow_shadow_ancestor, cheibrodos_sewer_entry_bend,
          uniq_edmund
D:5:      layout_basic, overflow_temple_1_default, bloody_trog, basic_altar
D:6:      layout_basic, gammafunk_ghost_split, minivault_10
D:7:      layout_basic, kennysheep_mini_moat, minmay_temple_entry_overgrown,
          uniq_duvessa
D:8:      layout_basic, cheibrodos_worm_habitat,
          nicolae_qazlal_general_emergency, nicolae_overflow_hidden_temple,
          uniq_grum
D:9:      layout_stronghold, due_lair_maze_entry_diamond
D:10:     layout_rooms, grunt_pizzeria, uniq_josephine
D:11:     layout_basic, minmay_orc_entry_temple_small, uniq_erolcha
D:12:     layout_basic, portal_ice_cave_rime
D:13:     layout_big_octagon, serial_shops, nicolae_shop_stone,
          corexii_hall_statues_l, corexii_hall_statues_i
D:14:     layout_cave_pools, skrybe_vaults_entry_preservation,
          serial_park_square1 [serial_park_minivault_5x5_7], evilmike_minifort,
          uniq_rupert
D:15:     hangedman_depths_entry_try_elsewhere_first, layout_basic,
          minmay_tree_intersection, uniq_nessos
Lair:1:   layout_chaotic_city, gauntlet_entry_generic, serial_bayou_shore_a,
          infiniplex_staircase_pool, uniq_urug
Lair:2:   layout_regular_city, elwin_shoals_entry_stream,
          nicolae_volcano_entry_two_sided, minmay_lair_oklob_chamber
Lair:3:   layout_gridlike, dummy_spider_entry
Lair:4:   layout_misc_corridors, grunt_megastairs_4
Lair:5:   minmay_lair_oklob_tunnel, layout_loops_ring, slime_altar_1
Lair:6:   minmay_lair_end_frog_pond, layout_big_grid, serial_bayou_lagoon_a,
          guppyfry_lair_drakes, grunt_megastairs_2
Shoals:1: layout_shoals, uniq_frances, uniq_roxanne
Shoals:2: gammafunk_the_bubble [the_bubble_gammafunk_plus_minus], layout_shoals,
          serial_shops, shop, nicolae_shoals_hunting_party
Shoals:3: nzn_motion_control, layout_shoals
Shoals:4: shoals_end_hangedman, layout_shoals
Spider:1: cheibrodos_forgotten_conduit
Spider:2: layout_spider_delve
Spider:3: layout_spider_delve
Spider:4: floodkiller_spider_rune_tomb, hangedman_stitches_earthworm
Orc:1:    layout_caves
Orc:2:    grunt_orc_community_town_hall, layout_caves,
          grunt_orc_community_big_house_2, grunt_orc_community_big_house_1,
          grunt_orc_community_house_3, grunt_orc_community_house_1,
          grunt_orc_community_house_2, grunt_orc_community_house_2,
          grunt_orc_community_house_3
Elf:1:    layout_loops_corners, serial_shops, nicolae_shop_crystal,
          hangedman_elf_disciples, serial_sigils_hangedman_stare,
          kilobyte_mutagenic_chamber, minmay_shoptagon
Elf:2:    layout_gridlike, basic_altar, gammafunk_ghost_fury_of_okawaru,
          minmay_shop_grove
Elf:3:    minmay_elf_hall_not_hex, layout_loops_cross
Vaults:1: v_misc_27, nicolae_vaults_angled_halls, ontoclasm_vaults_fault,
          nicolae_vaults_network_quinsquares
          [nicolae_vaults_network_quincunx_subvault,
          nicolae_vaults_network_quincunx_subvault,
          nicolae_vaults_network_quincunx_subvault,
          nicolae_vaults_network_quincunx_subvault], vaults_not_door_vault_due,
          grunt_vaults_diagonal, nicolae_vaults_gold_heap, v_rooms_4,
          hangedman_vaults_cutoff, nicolae_vaults_shelves_hall,
          dpeg_vaults_monster_box, layout_vaults_omnicross, serial_shops,
          nicolae_shop_trees
Vaults:2: hangedman_vaults_slice, vaults_room_octagon, grunt_vaults_focal,
          nicolae_vaults_alarming, v_misc_4, nicolae_vaults_shelves_hall,
          v_misc_3, nicolae_vaults_angled_halls, vaults_room_fours,
          grunt_vaults_bifocal, nicolae_vaults_windows_and_doors_thing,
          st_cross, vaults_dpeg_ring, layout_vaults_maze_snakey, basic_altar,
          uniq_xtahua, uniq_jory
Vaults:3: ontoclasm_vaults_ligature, minmay_crypt_entry_skeletal_spiral,
          vaults_standard_mumra_enter_the_diamond, hangedman_vaults_unwind,
          vaults_mumra_hex, nicolae_vaults_asterisk, layout_vaults_omnigrid,
          serial_shops, shop_scrolls, uniq_mara, uniq_margery
Vaults:4: nicolae_vaults_shelves_hall, ontoclasm_vaults_misaligned,
          nicolae_vaults_little_squares_4, hangedman_vaults_variations,
          vaults_dpeg_diagonal, nicolae_vaults_hallways_thing,
          kennysheep_vaults_gozag_temple, nicolae_vaults_little_squares_4,
          v_rooms_5, v_rooms_4, v_misc_9, nicolae_vaults_sealed_display,
          nicolae_vaults_circle_grid_a, nicolae_vaults_what_the_h,
          vaults_mumra_lcd, layout_vaults_omnibox, uniq_aizul
Vaults:5
Crypt:1:  hangedman_staggered_hall, layout_chaotic_city,
          ebering_ghost_rock_garden, grunt_crypt_arrival_webbed, uniq_bai_suzhen
Crypt:2:  layout_gridlike, serial_glass, glass_columns_a, glass_columns_c,
          item_on_display_a, minmay_strange_pillars, item_on_display_a,
          item_on_display_a
Crypt:3:  evilmike_haunted_forest, uniq_sojobo
Depths:1: evilmike_silver_temple, layout_basic, serial_shops, shop, shop,
          nicolae_shop_behind_doors, nicolae_shop_behind_doors,
          grunt_metal_band, chequers_big_river, kb_rosetta
Depths:2: giant_chief_lemuel, layout_gridville, hangedman_abyss_entry_splay,
          pf_dread_powers_of_hell
Depths:3: minmay_box_of_statues, layout_basic, serial_sigils_hangedman_gut,
          grunt_hell_entry_dis_grunt, pan_entry
Depths:4: grunt_runaround [grunt_runaround_doors_1, grunt_runaround_doors_2,
          grunt_runaround_doors_3, grunt_runaround_doors_4,
          grunt_runaround_loot], abyss_entry, hell_entry
Depths:5: grunt_crosshair, layout_cave_pools, minmay_door_square, serial_glass,
          glass_columns_a, glass_columns_a, hell_entry, pan_entry,
          serial_bayou_shore_b, uniq_saint_roka
Zot:1:    layout_basic, hangedman_zot_decor_checkerboard, skrybe_zot_glass_3
Zot:2:    layout_gridville
Zot:3:    layout_basic, grunt_ministairs_4
Zot:4:    layout_gridville, grunt_megastairs_1
Zot:5:    layout_twisted_circle
Zig:9

Skill      XL: |  1  2  3  4  5  6  7  8  9 10 11 12 13 14 15 16 17 18 19 20 21 22 23 24 25 26 27 |
---------------+----------------------------------------------------------------------------------+-----
Maces & Flails | 3 4 5 6 7 8 9 10 12 14 | 14.2
Throwing       | 1 2 4 5 7 8 13 | 13.1
Armour         | 4 5 8 9 11 13 14 15 16 | 16.9
Fighting       | 5 7 8 10 11 12 13 14 15 16 17 18 19 21 22 23 24 26 | 26.4
Invocations    | 4 6 8 10 12 | 12.0
Dodging        | 2 4 5 6 7 8 9 10 11 12 | 12.0
Evocations     | 2 4 6 7 |  7.0
Shields        | 2 5 6 7 8 10 12 15 18 20 25 | 25.0
Slings         | 5 7 9 11 12 13 | 13.7
Axes           | 1 5 6 8 10 11 13 14 16 | 16.3
Translocations | 2 |  2.0
Conjurations   | 3 |  3.0
Earth Magic    | 3 |  3.0
Spellcasting   | 2 |  2.0
Stealth        | 2 5 |  5.0

Action                   |  1- 3 |  4- 6 |  7- 9 | 10-12 | 13-15 | 16-18 | 19-21 | 22-24 | 25-27 || total
-------------------------+-------+-------+-------+-------+-------+-------+-------+-------+-------++-------
Melee: Mace              |    60 |       |       |       |       |       |       |    58 |       ||   118
       Whip              |     7 |   253 |    50 |       |       |       |       |       |       ||   310
       Flail             |       |       |   262 |   717 |  1392 |  1336 |   909 |    23 |       ||  4639
       Hand axe          |       |       |       |       |     7 |   601 |   572 |   164 |   177 ||  1521
       Fustibalus        |       |       |       |       |       |     2 |       |       |       ||     2
       Demon whip        |       |       |       |       |       |       |   240 |    26 |       ||   266
       War axe           |       |       |       |       |       |       |       |  1209 |  1234 ||  2443
       Sacred scourge    |       |       |       |       |       |       |       |    12 |   804 ||   816
       Broad axe         |       |       |       |       |       |       |       |       |   191 ||   191
 Fire: Fustibalus        |       |       |       |       |   458 |   527 |   649 |   500 |   349 ||  2483
Throw: Stone             |       |     1 |       |       |       |       |       |       |       ||     1
       Throwing net      |       |       |     2 |     1 |       |       |     4 |       |     1 ||     8
       Dart              |       |       |     5 |    45 |     3 |     2 |     8 |       |       ||    63
       Javelin           |       |       |       |     1 |     1 |       |     8 |    12 |    94 ||   116
       Boomerang         |       |       |       |     1 |       |     3 |       |     3 |       ||     7
Invok: Banish            |       |       |       |       |       |     1 |       |       |       ||     1
       Corrupt           |       |       |       |       |       |       |       |     2 |       ||     2
 Abil: Fly               |       |       |       |       |       |     2 |       |     1 |     2 ||     5
       Stop Flying       |       |       |       |       |       |     1 |     1 |     1 |     2 ||     5
Evoke: Wand              |       |     2 |       |     6 |     3 |     7 |    13 |     5 |     5 ||    41
       Box of beasts     |       |       |     1 |       |       |     1 |     1 |     1 |       ||     4
       Lightning rod     |       |       |       |     4 |       |       |     2 |       |     4 ||    10
       Tin of tremorston |       |       |       |       |       |     2 |       |       |       ||     2
       Phantom mirror    |       |       |       |       |       |       |       |       |     1 ||     1
  Use: Scroll            |     6 |     8 |     7 |     9 |    13 |    16 |    15 |    30 |    52 ||   156
       Potion            |       |       |     2 |     1 |     1 |     9 |     9 |     2 |    12 ||    36
 Stab: Confused          |       |       |       |     5 |     3 |       |       |       |       ||     8
       Sleeping          |       |       |       |       |       |    21 |       |     1 |       ||    22
       Invisible         |       |       |       |       |       |    10 |       |       |       ||    10
       Held in net/web   |       |       |       |       |       |       |     1 |       |     1 ||     2
       Distracted        |       |       |       |       |       |       |       |     2 |     6 ||     8
       Petrified         |       |       |       |       |       |       |       |     8 |       ||     8
       Petrifying        |       |       |       |       |       |       |       |     1 |       ||     1
  Eat: Chunk             |       |     7 |    10 |    13 |    25 |    26 |    19 |    28 |    25 ||   153
       Ration            |       |       |       |     3 |     5 |     6 |     6 |     8 |    13 ||    41
Armor: Leather armour    |    25 |    74 |     7 |       |       |       |       |       |       ||   106
       Ring mail         |       |       |    58 |   289 |   204 |       |       |       |       ||   551
       Animal skin       |       |       |    49 |       |       |       |       |       |       ||    49
       Scale mail        |       |       |       |    32 |     3 |       |   446 |   222 |   421 ||  1124
       Chain mail        |       |       |       |       |   448 |  1447 |   135 |   303 |   500 ||  2833
       Shadow dragon sca |       |       |       |       |       |       |       |    55 |       ||    55
       Gold dragon scale |       |       |       |       |       |       |       |       |    83 ||    83
Dodge: Dodged            |    37 |    95 |   125 |   265 |   409 |   937 |   938 |   606 |   871 ||  4283
Block: Other             |     4 |    36 |    61 |     8 |       |       |       |       |       ||   109
       Buckler           |       |       |       |   276 |   586 |  1288 |  1013 |   814 |   284 ||  4261
       Reflection        |       |       |       |    17 |    22 |    55 |    66 |    66 |    87 ||   313
       Tower shield      |       |       |       |       |       |       |       |       |  2413 ||  2413
       Rpst.: Flail      |       |       |       |       |    72 |   100 |    91 |     2 |       ||   265
       Fustibalus        |       |       |       |       |     2 |     3 |     4 |     2 |       ||    11
       Hand axe          |       |       |       |       |     4 |    65 |   104 |     5 |       ||   178
       Demon whip        |       |       |       |       |       |       |    13 |       |       ||    13
       War axe           |       |       |       |       |       |       |       |    29 |       ||    29
       Mace              |       |       |       |       |       |       |       |     4 |       ||     4
